Map: Dusk Towers

Players

Depression - Winner!

  • Race: Protoss Protoss
  • League: Diamond

LilDicky

  • Race: Terran Terran
  • League: Diamond

VOD

http://www.twitch.tv/tumescentpie

Description

Time

  • Played on: Nov. 26, 2015, 10:42 p.m.
  • Length: 3:09
Show
View Real Time Build Order
Export as new Build Order

Depression Protoss - Winner!

Build Orders:  

Get SALT Encoding   

  12  0:01  Probe (Chrono Boost)  
  13  0:12  Probe (Chrono Boost)  
  14  0:22  Probe (Chrono Boost)  
  14  0:24  Pylon  
  15  0:42  Gateway  
  16  0:43  Probe (Chrono Boost)  
  16  0:53  Probe (Chrono Boost)  
  16  0:56  Assimilator  
  17  1:04  Probe (Chrono Boost), Assimilator  
  18  1:12  Pylon  
  18  1:14  Probe (Chrono Boost)  
  19  1:25  Probe (Chrono Boost)  
  20  1:32  Cybernetics Core  
  20  1:35  Probe (Chrono Boost)  
  21  1:46  Probe (Chrono Boost)  
  22  2:05  Nexus  
  22  2:06  Probe (Chrono Boost)  
  23  2:08  Stalker  
  25  2:17  Probe (Chrono Boost)  
  26  2:28  Probe (Chrono Boost)  
  27  2:32  Twilight Council  
  30  2:44  Probe (Chrono Boost)  
  30  2:52  Pylon  
  30  2:57  Probe (Chrono Boost)  
Show
View Real Time Build Order
Export as new Build Order

LilDicky Terran 

Build Orders:  

Get SALT Encoding   

  12  0:04  SCV  
  13  0:17  SCV  
  14  0:30  Supply Depot  
  14  0:33  SCV  
  14  0:34  Refinery  
  15  0:52  SCV  
  15  0:53  Barracks  
  16  1:04  SCV  
  17  1:16  SCV  
  18  1:32  SCV  
  19  1:48  Marine  
  19  1:49  Supply Depot, Orbital Command  
  20  2:10  Marine  
  21  2:24  SCV  
  22  2:30  Command Center  
  22  2:35  Marine  
  22  2:36  SCV  
  24  2:48  SCV  
Tags
 
Add a new tag
Caveats
  • Supply blocks, unpowered buildings, or Contaminate may cause inaccurate times.
  • Supply counts are checked every 10 seconds.